 Dungeon Crawl Stone Soup version 0.19.1-1-g22dce08 (webtiles) character file.

53 Macro the Sneak (level 4, -2/27 HPs)
             Began as a Halfling Enchanter on Jan 17, 2017.
             Killed by nerve-wracking pain
             ... invoked by Jessica
              (12 damage)
             ... on level 2 of the Dungeon.
             The game lasted 00:13:06 (1665 turns).

Macro the Sneak (Halfling Enchanter)                Turns: 1665, Time: 00:13:07

Health: -2/27      AC:  3    Str:  9    XL:     4   Next: 11%
Magic:  1/6        EV: 15    Int: 14    God:
Gold:   72         SH:  0    Dex: 14    Spells: 2 memorised, 3 levels left

rFire  . . .     SeeInvis .     a - +1 dagger
rCold  . . .     Gourm    +     l - +0 robe
rNeg   . . .     Faith    .     (shield restricted)
rPois  .         Spirit   .     (no helmet)
rElec  .         Reflect  .     (no cloak)
rCorr  .         Harm     .     (no gloves)
MR     .....                    k - +0 pair of boots
Stlth  ++........               h - amulet of the gourmand
                                (no ring)
                                (no ring)

@: no status effects
A: mutation resistance 1
a: no special abilities


You were on level 2 of the Dungeon.
You were full.

You visited 1 branch of the dungeon, and saw 2 of its levels.

You collected 72 gold pieces.

Inventory:

Hand Weapons
 a - a +1 dagger (weapon)
Armour
 b - a +1 robe
 k - a +0 pair of boots (worn)
 l - a +0 robe (worn)
Jewellery
 h - an amulet of the gourmand (around neck)
Scrolls
 i - a scroll of magic mapping {unknown}
 j - 3 scrolls of identify {unknown}
 n - a scroll of amnesia {unknown}
Potions
 e - a potion of curing
 g - a potion of cancellation {unknown}
 m - 2 potions of invisibility {unknown}
Books
 c - a book of Maledictions

   Spells                             Type                      Level
   a - Corona                         Hexes                        1
   b - Ensorcelled Hibernation        Hexes/Ice                    2
   c - Confuse                        Hexes                        3
   d - Tukima's Dance                 Hexes                        3
   e - Dazzling Spray                 Conjuration/Hexes            3
Comestibles
 d - 2 bread rations
 f - a meat ration


   Skills:
 + Level 2.3 Short Blades
 + Level 2.4 Dodging
 + Level 3.8 Stealth
 + Level 1.9 Spellcasting
 + Level 2.8 Hexes
 + Level 0.2 Ice Magic


You had 3 spell levels left.
You knew the following spells:

 Your Spells              Type           Power        Failure   Level  Hunger
a - Corona                Hex            #......      10%         1    ##.....
b - Ensorcelled Hibernat  Hex/Ice        #.....       21%         2    ###....


Dungeon Overview and Level Annotations

Branches:
Dungeon (2/15)

Altars:

Annotations:
D:2 Jessica


Innate Abilities, Weirdness & Mutations

You are small and have problems with some larger weapons.
You are somewhat resistant to further mutation.


Message History

You hit Jessica.
Jessica is severely wounded.
Jessica barely misses you.
You hit Jessica but do no damage.
Jessica is severely wounded.
Jessica says, "Why did you come here?" Jessica barely misses you.
The giant cockroach closely misses you.
You barely miss Jessica.
Jessica is severely wounded.
Jessica closely misses you.
The giant cockroach bites you but does no damage.
You closely miss Jessica.
Jessica is severely wounded.
Jessica hits you with a club.
The giant cockroach bites you but does no damage.
You hit Jessica.
Jessica is almost dead.
Jessica casts a spell at you. Pain shoots through your body!
You die...

.# #.# .# #.## ..
#..# ##.# #.###
###...#####
##.....#....
##......(..>.
#....@.......
#....@s.......
#####.(...........
...................
...###.............
# ##...........
.........#%...
.(.....#########
........


You could see Jessica and a giant cockroach.

Vanquished Creatures
  An adder (D:2)
  A worm (D:2)
  2 dart slugs
  A leopard gecko (D:1)
  A ball python (D:1)
  6 bats
  2 giant cockroaches (D:1)
  4 hobgoblins
  14 frilled lizards (D:1)
  3 goblins
  A kobold (D:1)
  6 rats
42 creatures vanquished.

Notes
Turn   | Place    | Note
-------+----------+-------------------------------------------
     0 | D:1      | Macro the Halfling Enchanter began the quest for the Orb.
     0 | D:1      | Reached XP level 1. HP: 11/11 MP: 3/3
   473 | D:1      | Reached XP level 2. HP: 17/17 MP: 4/4
   477 | D:1      | Learned a level 2 spell: Ensorcelled Hibernation
   657 | D:1      | Reached XP level 3. HP: 7/21 MP: 0/5
  1628 | D:2      | Reached XP level 4. HP: 27/27 MP: 3/6
  1637 | D:2      | Noticed Jessica
  1665 | D:2      | Killed from afar by Jessica

Skill      XL: |  1  2  3 |
---------------+----------+-----
Short Blades   | 2 |  2.3
Dodging        | |  2.4
Stealth        | |  3.8
Spellcasting   | |  1.9
Hexes          | |  2.8
Ice Magic      | |  0.2

Action                   |  1- 3 |  4- 6 || total
-------------------------+-------+-------++-------
Melee: Dagger            |   138 |    22 ||   160
 Cast: Corona            |    10 |     1 ||    11
       Ensorcelled Hiber |    18 |     2 ||    20
 Stab: Sleeping          |    14 |       ||    14
  Eat: Chunk             |    11 |       ||    11
Armor: Robe              |    23 |     2 ||    25
Dodge: Dodged            |   101 |    14 ||   115
